 Dungeon Crawl Stone Soup version 0.27.0 (console) character file.

Game seed: 2858850679041193570

40 jejorda2 the Sneak (level 3, -2/26 HPs)
             Began as a Vampire Hedge Wizard on July 31, 2021.
             Slain by Sigmund (4 damage)
             ... on level 2 of the Dungeon.
             The game lasted 00:10:25 (2015 turns).

jejorda2 the Sneak (Vampire Hedge Wizard)           Turns: 2015, Time: 00:10:26

Health: -2/26      AC:  4    Str: 10    XL:     3   Next: 30%
Magic:  1/7        EV: 12    Int: 16    God:
Gold:   92         SH:  0    Dex: 13    Spells: 5/8 levels left

rFire    x . .     SeeInvis +   a - +0 short sword
rCold    + . .     Faith    .   (no shield)
rNeg     . . .     Spirit   .   j - +0 robe
rPois    .         Reflect  .   c - +0 hat
rElec    .         Harm     .   k - +0 cloak
rCorr    .         Rampage  .   (no gloves)
Will     .....                  d - +0 pair of boots
Stlth    ++........             (no amulet)
HPRegen  0.28/turn              h - ring of ice
MPRegen  0.10/turn              (no ring)

@: lethally poisoned (-2 -> -8), healing quickly
A: alive, fangs 3, see invisible, vampiric 2
a: Exsanguinate


You were on level 2 of the Dungeon.
You visited 1 branch of the dungeon, and saw 2 of its levels.

You collected 92 gold pieces.

Inventory:

Hand Weapons
 a - a +0 short sword (weapon)
 b - a +0 dagger
Missiles
 g - 26 stones (quivered)
Armour
 c - a +0 hat (worn)
 d - a +0 pair of boots (worn)
 j - a +0 robe (worn)
 k - a +0 cloak (worn)
Magical Staves
 e - a staff of air
Jewellery
 h - a ring of ice (left hand)
Scrolls
 f - a scroll of vulnerability {unknown}
 i - a scroll of identify {unknown}


   Skills:
 - Level 1.4 Fighting
 + Level 0.5 Short Blades
 - Level 2.1 Dodging
 - Level 3.0 Stealth
 - Level 3.0 Spellcasting
 - Level 1.4 Conjurations
 + Level 1.2 Hexes
 - Level 1.0 Summonings
 - Level 0.7 Translocations
 + Level 0.7 Ice Magic


You had 5 spell levels left.
You knew the following spells:

 Your Spells              Type           Power      Damage    Failure   Level
a - Magic Dart            Conj           28%        1d4       11%         1
b - Ensorcelled Hibernat  Hex/Ice        16%        N/A       19%         2

Your spell library contained the following spells:

 Spells                   Type           Power      Damage    Failure   Level
 Slow                     Hex            6%         N/A       17%         2
 Call Imp                 Summ           5%         N/A       19%         2
 Blink                    Tloc           N/A        N/A       22%         2
 Conjure Flame            Conj/Fire      4%         6-21      38%         3
 Mephitic Cloud           Conj/Pois/Air  3%         N/A       43%         3
 Spider Form              Tmut/Pois      1%         N/A       50%         3
 Shadow Creatures         Summ           N/A        N/A       100%        6


Dungeon Overview and Level Annotations

Branches:
Dungeon (2/15)

Altars:

Annotations:
D:2 Sigmund


Innate Abilities, Weirdness & Mutations

Your natural rate of healing is accelerated.
You have razor-sharp teeth.
You have supernaturally acute eyesight. (SInv)
You are afflicted with vampirism and can become a bat while bloodless.


Message History

Aiming: Magic Dart (safe; 11% risk of failure)
Press: ? - help, Shift-Dir - straight line, f/p - Sigmund
Aim: Sigmund, wielding a +0 scythe of venom and wearing a +0 robe (moderately wounded, 100% to hit)
The magic dart hits Sigmund.
Sigmund is moderately wounded.
You feel sick. Sigmund misses you.
Casting: Magic Dart (safe; 11% risk of failure)
Confirm with . or Enter, or press ? or * to list all spells.
Aiming: Magic Dart (safe; 11% risk of failure)
Press: ? - help, Shift-Dir - straight line, f/p - Sigmund
Aim: Sigmund, wielding a +0 scythe of venom and wearing a +0 robe (moderately wounded, 100% to hit)
The magic dart hits Sigmund.
Sigmund is heavily wounded.
You feel sick. Sigmund misses you.
You hit Sigmund but do no damage.
Sigmund is heavily wounded.
You feel sick. Sigmund misses you.
a - a +0 short sword (weapon)
You hit Sigmund but do no damage.
Sigmund is heavily wounded.
You feel sick.
Sigmund hits you with a +0 scythe of venom.
You are lethally poisoned!
You aren't carrying any potions.
You hit Sigmund. Your bite misses Sigmund.
Sigmund is heavily wounded.
* * * LOW HITPOINT WARNING * * *
You feel very sick. Sigmund closely misses you.
You hit Sigmund.
Sigmund is severely wounded.
* * * LOW HITPOINT WARNING * * *
You feel very sick. Sigmund misses you.
You hit Sigmund.
Sigmund is almost dead.
* * * LOW HITPOINT WARNING * * *
You feel sick.
Sigmund hits you with a +0 scythe of venom.
You die...

##.....## ####.#
##...## #.# ##+#
#.# # #.# #. #.#
####.# ### #.#
......# ##.## #.#
##....@###.#.## #.#
....(..@..###.# #.#
##.#.#####.#.####.#
#.......# #########


You could see Sigmund.

Vanquished Creatures
  An adder (D:2)
  A worm (D:2)
  2 endoplasms (D:2)
  2 giant cockroaches (D:1)
  2 goblins (D:1)
  A hobgoblin (D:1)
  2 jackals (D:1)
  4 kobolds (D:1)
  A quokka (D:1)
  4 ball pythons
  3 bats
  2 frilled lizards (D:2)
  3 rats (D:1)
28 creatures vanquished.

Notes
Turn   | Place    | Note
-------+----------+-------------------------------------------
     0 | D:1      | jejorda2 the Vampire Hedge Wizard began the quest for the
                  | Orb.
     0 | D:1      | Reached XP level 1. HP: 13/13 MP: 4/4
   212 | D:1      | Reached skill level 1 in Conjurations
   460 | D:1      | Reached skill level 1 in Fighting
   460 | D:1      | Reached XP level 2. HP: 21/21 MP: 1/6
  1048 | D:1      | Learned a level 2 spell: Ensorcelled Hibernation
  1756 | D:2      | Reached skill level 1 in Hexes
  1756 | D:2      | Gained mutation: You are afflicted with vampirism and can
                  | become a bat while bloodless. [Vampire growth]
  1756 | D:2      | Reached XP level 3. HP: 26/26 MP: 3/7
  1997 | D:2      | Noticed Sigmund
  2015 | D:2      | Slain by Sigmund

Illustrated notes

Levels and vault maps discovered:
D:1:      dpeg_arrival_shrine, layout_loops_corners, hangedman_decor_lopped
D:2:      layout_loops_corners, shapermc_ecumenical_altar_mp_highgroup,
          basic_altar, uniq_sigmund

Skill      XL: |  1  2 |
---------------+-------+-----
Conjurations   | 1 |  1.4
Fighting       | 1 |  1.4
Hexes          | 1 |  1.2
Short Blades   | |  0.5
Dodging        | |  2.1
Stealth        | |  3.0
Spellcasting   | |  3.0
Summonings     | |  1.0
Translocations | |  0.7
Ice Magic      | |  0.7

Action                   || total
-------------------------++-------
Melee: Dagger            ||    37
       Bite              ||     6
       Short sword       ||    34
Throw: Stone             ||     9
 Cast: Magic Dart        ||    71
       Ensorcelled Hiber ||     8
 Stab: Sleeping          ||     4
Armor: Robe              ||    13
Dodge: Dodged            ||    50
